 Dungeon Crawl Stone Soup version 0.30-a0-462-gd5975efbca (webtiles) character file.

Game seed: 13773474443823284127

436 Darkkill the Shooter (level 6, -4/53 HPs)
             Began as a Minotaur Hunter on Dec 16, 2022.
             Was an Initiate of Gozag.
             Slain by an ice beast (8 damage)
             ... on level 5 of the Dungeon.
             The game lasted 00:04:16 (3525 turns).

Darkkill the Shooter (Minotaur Hunter)              Turns: 3525, Time: 00:04:17

Health: -4/53      AC:  5    Str: 23    XL:     6   Next: 68%
Magic:  5/5        EV: 14    Int:  6    God:    Gozag
Gold:   30         SH:  0    Dex: 20    Spells: 5/5 levels left

rFire   . . .      SeeInvis .    a - +0 shortbow
rCold   . . .      Faith    .    (shield currently unavailable)
rNeg    . . .      Spirit   .    c - +0 leather armour
rPois   .          Reflect  .    (helmet restricted)
rElec   .          Harm     .    g - +1 cloak
rCorr   .          Rampage  .    (no gloves)
Will    .....                    (no boots)
Stlth   ++........               (no amulet)
HPRegen 0.28/turn                e - +6 ring of dexterity
MPRegen 0.09/turn                l - +6 ring of strength

@: marked, gold aura
A: horns 2, retaliatory headbutt
a: Renounce Religion, Potion Petition, Call Merchant, Bribe Branch


You were on level 5 of the Dungeon.
You worshipped Gozag.
Gozag was noncommittal.
You visited 2 branches of the dungeon, and saw 6 of its levels.

You collected 310 gold pieces.
You spent 196 gold pieces at shops.
You paid 84 gold pieces to Gozag.

Inventory:

Hand Weapons
 a - a +0 shortbow (weapon)
 k - the +9 sling of Winter {antimagic, rCorr}
   (You found it on level 2 of the Dungeon)

   It reduces the magical energy of the wielder, and disrupts the spells and
   magical abilities of those it strikes.
   Natural abilities and divine invocations are not affected.
   rCorr:     It protects you from acid and corrosion.
Missiles
 d - a throwing net {=f !f}
 f - 51 stones
 i - a boomerang
 m - 5 poisoned darts
 q - 2 atropa-tipped darts
Armour
 c - a +0 leather armour (worn)
 g - a +1 cloak (worn)
Jewellery
 e - a +6 ring of dexterity (left hand)
 l - a +6 ring of strength (right hand)
 o - a ring of see invisible
 v - a +4 ring of protection
 w - a ring of wizardry
Wands
 t - a wand of flame (33)
Scrolls
 b - 2 scrolls of immolation
Potions
 h - 2 potions of mutation
 n - 2 potions of berserk rage
 p - a potion of resistance
 r - a potion of brilliance
 s - a potion of flight {unknown}
 u - a potion of cancellation {unknown}


   Skills:
 + Level 4.7 Fighting
 + Level 5.8 Ranged Weapons
 + Level 4.4 Dodging
 + Level 3.1 Stealth


You had 5 spell levels left.
You didn't know any spells.
Your spell library was empty.

Dungeon Overview and Level Annotations

Branches:
Dungeon (5/15)             Temple (1/1) D:4

Altars:
Dithmenos
Elyvilon
Gozag
Nemelex Xobeh
Okawaru
Sif Muna
Uskayaw
Wu Jian

Shops:
D:4 *

Annotations:
D:5 Edmund, Pikel, Sigmund


Innate Abilities, Weirdness & Mutations

You have a pair of horns on your head.
You reflexively headbutt those who attack you in melee.


Message History

Sigmund closely misses you.
An orc comes into view. It is wielding a +0 dagger.
Your Stealth skill increases to level 3!
You shoot an arrow. The arrow hits Sigmund!
Sigmund is heavily wounded.
Sigmund hits you from afar with a +0 scythe.
An ice beast comes into view.
You shoot an arrow. The arrow barely misses the scorpion.
The scorpion stings you.
You are poisoned.
The scorpion poisons you!
An orc comes into view. It is wielding a +2 whip of venom.
Pikel, Merchant of Souls comes into view.
He is wielding a +0 whip of flaming.
An orc comes into view. It is wielding a +0 hand axe.
The scorpion stings you but does no damage.
The adder barely misses you. You furiously retaliate!
You headbutt the adder!
Sigmund says, "Your kind have come here before.
I understand now why.
You desire death..."
Sigmund barely misses you.
As you read the scroll of teleportation, it crumbles to dust.
You feel strangely unstable.
You feel very sick. The hound closely misses you. The adder misses you.
You furiously retaliate!
You headbutt the adder!
You kill the adder!
The scorpion stings you! The hound bites you but does no damage.
The hound attacks as you move away! The hound barely misses you.
You feel sick. Sigmund misses you. The scorpion barely misses you.
A necrophage comes into view.
The lemure hits you.
A lemure comes into view.
You feel sick. The lemure hits you.
Pikel says, "Asmodeus and me are pals.
He gave me this whip."
The hound bites you. Sigmund closely misses you.
Your surroundings suddenly seem different.
A white imp comes into view.
You feel sick. The white imp gestures at you. The puff of frost hits you.
An iguana comes into view.
As you read the scroll of teleportation, it crumbles to dust.
You feel strangely unstable.
You feel sick.
Edmund the Younger comes into view.
He is wielding a +1 dire flail of pain.
The white imp is distracted by your dazzling golden aura.
You feel sick.
You feel sick.
Your surroundings suddenly seem different.
You feel sick.
You are no longer poisoned.
You start resting.
A crimson imp comes into view. x2
Fire: a) +0 shortbow
Press: ? - help, Q - select action, (/) - cycle Shift-Dir - straight line, f - crimson imp
Aim: a crimson imp (54% to hit)
You shoot an arrow.
The arrow closely misses the crimson imp.
A crimson imp comes into view. It is wielding a +2 dagger of chaos.
Fire: a) +0 shortbow
Press: ? - help, Q - select action, (/) - cycle Shift-Dir - straight line, f - crimson imp
Aim: a crimson imp, wielding a +2 dagger of chaos (54% to hit)
You shoot an arrow.
The arrow barely misses the crimson imp.
The crimson imp blinks!
A crimson imp comes into view.
The crimson imp blinks!
Fire: a) +0 shortbow
Press: ? - help, Q - select action, (/) - cycle Shift-Dir - straight line, f/p - crimson imp
Aim: a crimson imp, wielding a +2 dagger of chaos (54% to hit)
You shoot an arrow. The arrow hits the crimson imp!
The crimson imp is almost dead.
The crimson imp hits you with a +2 dagger of chaos.
The crimson imp blinks!
Fire: a) +0 shortbow
Press: ? - help, Q - select action, (/) - cycle Shift-Dir - straight line, f/p - crimson imp
Aim: a crimson imp, wielding a +2 dagger of chaos (almost dead, 54% to hit)
You shoot an arrow. The arrow hits the crimson imp!
You kill the crimson imp!
The crimson imp misses you. You furiously retaliate!
You headbutt the crimson imp.
Fire: a) +0 shortbow
Press: ? - help, Q - select action, (/) - cycle Shift-Dir - straight line, f - crimson imp
Aim: a crimson imp (moderately wounded, 54% to hit)
You shoot an arrow.
The arrow barely misses the crimson imp.
The crimson imp hits you but does no damage.
Fire: a) +0 shortbow
Press: ? - help, Q - select action, (/) - cycle Shift-Dir - straight line, f/p - crimson imp
Aim: a crimson imp (lightly wounded, 54% to hit)
You shoot an arrow. The arrow hits the crimson imp.
The crimson imp is moderately wounded.
The crimson imp blinks!
The crimson imp is distracted by your dazzling golden aura.
The ice beast hits you. The ice beast freezes you!
* * * LOW HITPOINT WARNING * * *
The hound bites you.
* * * LOW HITPOINT WARNING * * *
The ice beast hits you.
* * * LOW HITPOINT WARNING * * *
The ice beast freezes you!
You die...
Your body crumbles into a pile of gold.

#...#...).. #......... .........#
......#.# ..... #......#####...#
#### ##......#......#
.....#.h...5.>.#....# ....
..##5.sY@5...###....##
........o...###.#..#.......#
......##.......5##..#......##
......##....##...#..#..##<..#
#..Y..#.........#.....#....#
#####...##..##...##.....###...##
$.#..............##.........#..#
...$..#..............####....#...
.o5s###......#....#.....#..#####.


You could see an ice beast, a lemure, a scorpion, a hound, 3 crimson imps and an
orc.

Vanquished Creatures
  A phantom (D:4)
  A crimson imp (D:5)
  2 hounds
  Natasha (twice) (D:3)
  An orc wizard (D:3)
  5 adders
  7 gnolls
  An ufetubus (D:5)
  A worm (D:2)
  2 dart slugs
  12 orcs
  6 ball pythons
  3 bats
  4 endoplasms
  4 giant cockroaches
  2 hobgoblins
  6 jackals
  2 kobolds
  A quokka (D:4)
  A frilled lizard (D:2)
  3 goblins
  8 rats
75 creatures vanquished.

Notes
Turn   | Place    | Note
-------+----------+-------------------------------------------
     0 | D:1      | Darkkill the Minotaur Hunter began the quest for the Orb.
     0 | D:1      | Reached XP level 1. HP: 18/18 MP: 0/0
   205 | D:1      | Reached skill level 1 in Stealth
   325 | D:1      | Reached XP level 2. HP: 25/25 MP: 1/1
   889 | D:2      | Identified the +9 sling of Winter {antimagic, rCorr}
   917 | D:2      | Reached XP level 3. HP: 31/31 MP: 2/2
  1571 | D:3      | Noticed Natasha
  1583 | D:3      | Killed Natasha
  1584 | D:3      | Reached skill level 5 in Ranged Weapons
  1584 | D:3      | Reached XP level 4. HP: 38/38 MP: 3/3
  1632 | D:3      | Noticed Natasha
  1639 | D:3      | Killed Natasha
  1759 | D:3      | HP: 6/39 [something (4)]
  1777 | D:3      | Reached XP level 5. HP: 10/46 MP: 4/4
  2366 | D:3      | Found a sparkling altar of Nemelex Xobeh.
  2491 | D:3      | Became a worshipper of Nemelex Xobeh the Trickster
  2573 | D:4      | Noticed a phantom
  2591 | D:4      | Killed a phantom
  2592 | D:4      | Reached XP level 6. HP: 24/53 MP: 5/5
  2881 | D:4      | Found Vikapp's Assorted Antiques.
  2942 | D:4      | Found a staircase to the Ecumenical Temple.
  3086 | D:4      | Found a shadowy altar of Dithmenos.
  3322 | D:4      | Bought a runed morningstar for 196 gold pieces
  3398 | Temple   | Entered the Ecumenical Temple
  3411 | Temple   | Fell from the grace of Nemelex Xobeh
  3411 | Temple   | Became a worshipper of Gozag Ym Sagoz the Greedy
  3444 | D:5      | Entered Level 5 of the Dungeon
  3496 | D:5      | Noticed Sigmund
  3503 | D:5      | Noticed an ice beast
  3504 | D:5      | Noticed Pikel
  3509 | D:5      | Noticed Edmund
  3525 | D:5      | HP: 8/53 [ice beast (8)]
  3525 | D:5      | Slain by an ice beast

Illustrated notes

Levels and vault maps discovered:
D:1:      tarquinn_simple_flora_water_d, layout_basic
D:2:      layout_basic, minmay_crystal_room
D:3:      layout_loops_ring, lemuel_coloured_pillars_altar, uniq_natasha
D:4:      layout_rooms, mainiacjoe_overflow_chevrons,
          minmay_temple_entry_glassed_door, serial_shops,
          nicolae_inconvenience_store, kennysheep_crisscross
D:5:      layout_cave_pools, led_xom_imps, mainiacjoe_overflow_alcove_1,
          yredelemnul_forgotten_temple_becter, uniq_edmund, uniq_sigmund,
          uniq_pikel
Temple:   nicolae_temple_stand_before_the_council

Skill      XL: |  1  2  3  4  5  6 |
---------------+-------------------+-----
Stealth        | 1 2 3 |  3.1
Fighting       | 3 4 |  4.7
Dodging        | 3 4 |  4.4
Ranged Weapons | 5 |  5.8

Action                   |  1- 3 |  4- 6 || total
-------------------------+-------+-------++-------
Melee: Shortbow          |       |     3 ||     3
 Fire: Shortbow          |    89 |   158 ||   247
  Use: Scroll            |     5 |     6 ||    11
Armor: Leather armour    |     4 |    36 ||    40
Dodge: Dodged            |    19 |    69 ||    88

Table legend: (Time is in decaauts)
 A = Elapsed time spent in this place.
 B = Non-inter-level travel time spent in this place.
 C = Inter-level travel time spent in this place.
 D = Time resting spent in this place.
 E = Time spent auto-exploring this place.
 F = Levels seen in this place.
 G = Mean time per level.
                   A        B        C        D        E       F      G
               +--------+--------+--------+--------+--------+-----+--------+
         Total |   3598 |   3426 |    172 |      6 |   2899 |   6 |  599.7 |
       Dungeon |   3563 |   3391 |    172 |      6 |   2891 |   5 |  712.6 |
        Temple |     34 |     34 |      0 |      0 |      8 |   1 |   34.0 |
               +--------+--------+--------+--------+--------+-----+--------+

Top non-repeatable levels by time:
     D:3: 1087 daAuts
     D:4: 920 daAuts
     D:1: 819 daAuts
     D:2: 651 daAuts
     D:5: 84 daAuts
  Temple: 34 daAuts

Table legend:
 A = Kills in this place as a percentage of kills in entire the game.
 B = Kills by you in this place as a percentage of kills by you in the entire game.
 C = Kills by friends in this place as a percentage of kills by friends in the entire game.
 D = Other kills in this place as a percentage of other kills in the entire game.
 E = Experience gained in this place as a percentage of experience gained in the entire game.
 F = Experience gained in this place divided by the number of levels of this place that you have seen.
                   A       B       C       D       E      F
               +-------+-------+-------+-------+-------+----------------------
         Total | 100.0 | 100.0 |   N/A |   N/A | 100.0 | 103.8
       Dungeon | 100.0 | 100.0 |   N/A |   N/A | 100.0 | 124.6
               +-------+-------+-------+-------+-------+----------------------
